 Dungeon Crawl Stone Soup version 0.29.1-12-g30fa7ad0bf (webtiles) character file.

Game seed: 4115270657226399679

23902 DildoBatman the Geomancer (level 13, -15/94 HPs)
             Began as a Formicid Conjurer on Jan 13, 2023.
             Was an Initiate of Gozag.
             Engulfed by an ice statue's freezing vapour (42 damage)
             ... in an ice cave.
             The game lasted 00:54:45 (11446 turns).

DildoBatman the Geomancer (Formicid Conjurer)      Turns: 11446, Time: 00:54:45

Health: -15/94     AC:  5    Str: 12    XL:     13   Next: 38%
Magic:  18/27      EV: 17    Int: 26    God:    Gozag
Gold:   1452       SH:  5    Dex: 11    Spells: 12/32 levels left

rFire   . . .      SeeInvis +   b - +0 longbow
rCold   . . .      Faith    .   (no shield)
rNeg    . . .      Spirit   .   o - +0 troll leather armour
rPois   .          Reflect  +   (helmet unavailable)
rElec   .          Harm     .   q - +0 cloak
rCorr   .          Rampage  .   (no gloves)
Will    +....                   j - +0 pair of boots
Stlth   ++........              g - amulet of reflection
HPRegen 1.05/turn               w - +4 ring of evasion
MPRegen 0.20/turn               (no ring)

@: no status effects
A: permanent stasis, dig shafts and tunnels, antennae 3, four strong arms, claws
1, clever 1, deformed body, devolution 1
a: Dig, Renounce Religion, Potion Petition, Call Merchant, Bribe Branch


You were in an ice cave.
You worshipped Gozag.
Gozag was most pleased with you.
You visited 3 branches of the dungeon, and saw 14 of its levels.
You also visited: Bailey and Ice Cave.

You collected 2239 gold pieces.
You spent 330 gold pieces at shops.
You paid 457 gold pieces to Gozag.

Inventory:

Hand Weapons
 a - the +6 halberd of Imminent Death {drain, rN+}
   (You found it on level 8 of the Dungeon)

   A truly terrible weapon, it drains the life of any living foe it strikes.
   rN:        It protects you from negative energy.
 b - a +0 longbow (weapon)
 c - the +1 quarterstaff of the Tiger {drain, rElec rPois Str+4}
   (You found it on level 10 of the Dungeon)

   A truly terrible weapon, it drains the life of any living foe it strikes.
   Str:       It affects your strength (+4).
   rElec:     It insulates you from electricity.
   rPois:     It protects you from poison.
Missiles
 p - 17 poisoned darts
 y - 18 boomerangs
 B - 2 boomerangs of dispersal
 F - 5 silver javelins
 G - 2 javelins
Armour
 j - a +0 pair of boots (worn)
 o - a +0 troll leather armour (worn)
 q - a +0 cloak (worn)
Magical Staves
 A - a staff of fire
Jewellery
 g - an amulet of reflection (around neck)
 w - a +4 ring of evasion (left claw)
 M - a ring of ice
Wands
 h - a wand of flame (6)
 k - a wand of charming (12)
 E - a wand of roots (2)
 I - a wand of mindburst (7)
Scrolls
 e - 2 scrolls of enchant weapon {unknown}
 f - a scroll of noise {unknown}
 r - 4 scrolls of poison
 t - 2 scrolls of immolation
 v - a scroll of blinking {unknown}
 z - a scroll of identify
 C - a scroll of magic mapping
 D - 4 scrolls of enchant armour
 H - a scroll of brand weapon {unknown}
 J - a scroll of amnesia {unknown}
 K - a scroll of torment {unknown}
 L - a scroll of vulnerability {unknown}
Potions
 d - 9 potions of ambrosia
 i - 5 potions of curing
 l - 9 potions of heal wounds
 m - a potion of invisibility
 n - 3 potions of magic
 s - 3 potions of brilliance
 u - 9 potions of might
 x - 2 potions of cancellation


   Skills:
 * Level 6.3 Fighting
 - Level 3.0 Polearms
 * Level 6.1 Armour
 * Level 4.9 Dodging
 - Level 2.4 Stealth
 * Level 10.4 Spellcasting
 - Level 4.0 Conjurations
 * Level 11.7 Necromancy
 * Level 5.3 Ice Magic
 - Level 12.0 Earth Magic


You had 12 spell levels left.
You knew the following spells:

 Your Spells              Type           Power      Damage    Failure   Level
a - Borgnjor's Vile Clut  Necr/Erth      33%        N/A       1%          5
b - Ozocubu's Armour      Ice            41%        N/A       1%          3
c - Searing Ray           Conj           68%        2d6       1%          2
d - Vampiric Draining     Necr           65%        2d10      1%          3
e - Magic Dart            Conj           100%       1d8       1%          1
h - Dispel Undead         Necr           65%        3d22      1%          4
z - Sublimation of Blood  Necr           65%        N/A       1%          2

Your spell library contained the following spells:

 Spells                   Type           Power      Damage    Failure   Level
 Necrotise                Necr           100%       1d9       1%          1
 Agony                    Necr           65%        N/A       1%          5
 Ensorcelled Hibernation  Hex/Ice        54%        N/A       2%          2
 Anguish                  Hex/Necr       22%        N/A       4%          4
 Slow                     Hex            52%        N/A       5%          1
 Dazzling Flash           Conj/Hex       46%        N/A       7%          3
 Death Channel            Necr           32%        N/A       7%          6
 Confusing Touch          Hex            13%        N/A       16%         3
 Lesser Beckoning         Tloc           13%        N/A       16%         3
 Spider Form              Tmut/Pois      13%        N/A       16%         3
 Summon Ice Beast         Ice/Summ       27%        N/A       19%         4
 Fulminant Prism          Conj/Hex       11%        3d9       24%         4
 Iskenderun's Mystic Bla  Conj/Tloc      23%        2d6       24%         4
 Alistair's Intoxication  Tmut/Pois      8%         N/A       83%         5
 Manifold Assault         Tloc           13%        N/A       83%         5
 Summon Mana Viper        Hex/Summ       13%        N/A       83%         5
 Borgnjor's Revivificati  Necr           32%        N/A       96%         8
 Infestation              Necr           32%        N/A       96%         8
 Haunt                    Necr/Summ      22%        N/A       99%         7
 Ozocubu's Refrigeration  Ice            20%        4d12      99%         7
 Eringya's Noxious Bog    Tmut/Pois      6%         N/A       100%        6
 Monstrous Menagerie      Summ           6%         N/A       100%        7
 Necromutation            Tmut/Necr      22%        N/A       100%        8
 Chain Lightning          Conj/Air       11%        3d15      100%        9
 Death's Door             Necr           32%        N/A       100%        9
 Fire Storm               Conj/Fire      11%        8d3       100%        9
 Shatter                  Erth           33%        3d27*     100%        9
 Animate Dead             Necr           Unusable   N/A       N/A         4
 Blink                    Tloc           Unusable   N/A       N/A         2
 Corpse Rot               Necr/Pois/Air  Unusable   N/A       N/A         4
 Simulacrum               Ice/Necr       Unusable   N/A       N/A         6

Dungeon Overview and Level Annotations

Branches:
Dungeon (11/15)            Temple (1/1) D:4            Lair (0/5) D:8
    Orc (2/2) D:10            Elf (0/3) Orc:2        Bailey (visited)
  IceCv (1/1)

Altars:
Ashenzari
Cheibriados
Dithmenos
Elyvilon
Fedhas
Gozag
Hepliaklqana
Kikubaaqudgha
Makhleb
Nemelex Xobeh
Okawaru
Qazlal
Ru
Sif Muna
Trog
Uskayaw
Vehumet
Wu Jian
Xom
Yredelemnul
Zin
The Shining One

Shops:
D:1 !   D:4 =   Orc:1 !(   Orc:2 ([*=

Annotations:
IceCv exclusion: ice statue


Innate Abilities, Weirdness & Mutations

You cannot be hasted, slowed, berserked, paralysed or teleported.
You can dig through walls and to a lower floor.
You have a pair of large antennae on your head. (SInv)
Your four strong arms can wield two-handed weapons with a shield.
You have sharp fingernails.
Your mind is acute. (Int +4, Str/Dex -1)
Armour fits poorly on your strangely shaped body.
You have hidden genetic defects.


Message History

Aim: an ice statue (moderately damaged, constricted by zombie hands, 98% to hit)
You shoot an arrow. The arrow hits the ice statue.
The ice statue is moderately damaged.
The zombie hands constrict the ice statue!!
The ice statue gestures at you.
Fire: b) +0 longbow
Press: ? - help, Q - select action, (/) - cycle Shift-Dir - straight line, f/p - ice statue
Aim: an ice statue (severely damaged, constricted by zombie hands, 98% to hit)
You shoot an arrow. The arrow closely misses the ice beast.
The arrow hits the ice statue but does no damage.
The ice statue is severely damaged.
You are engulfed in freezing vapours.
The zombie hands constrict the ice statue!
The zombie hands release their grip on the ice statue.
The ice beast misses you.
Casting: Borgnjor's Vile Clutch (dangerous; 1% risk of failure)
Confirm with . or Enter, or press ? or * to list all spells.
Aiming: Borgnjor's Vile Clutch (dangerous; 1% risk of failure)
Press: ? - help, Shift-Dir - straight line, f/p - ice statue
Aim: an ice statue (almost destroyed, 100% to hit)
Zombie hands grab the ice beast.
Zombie hands grab the ice statue.
You are engulfed in freezing vapours.
The zombie hands constrict the ice statue, but do no damage.
The zombie hands constrict the ice beast.
The ice beast struggles to escape constriction.
The ice beast hits you. The ice beast freezes you!
Fire: b) +0 longbow
Press: ? - help, Q - select action, (/) - cycle Shift-Dir - straight line, f/p - ice statue
Aim: an ice statue (almost destroyed, constricted by zombie hands, 98% to hit)
You shoot an arrow.
The arrow completely misses the ice beast.
The arrow hits the ice statue but does no damage.
The ice statue is almost destroyed.
You are engulfed in freezing vapours.
You die...
Your body crumbles into a pile of gold.

.## ..###
###...8 ###.....
###......
##.......
#....°°Y# ####.
#.....Y.###.....
##....@#........
##............#
##..........##
##.#....#.##
####..## # #..##
##..## ##..#
##...#


You could see an ice statue (clutched) and 2 ice beasts.

Vanquished Creatures
  An orc warlord (Orc:2)
  2 ettins (Orc:1)
  4 death yaks
  4 two-headed ogres
  3 orc high priests (Orc:2)
  3 orc knights (Orc:2)
  4 orc sorcerers (Orc:2)
  2 rime drakes (IceCv)
  2 trolls
  A queen bee (D:10)
  3 polar bears (IceCv)
  3 shadows
  6 yaks
  2 steam dragons
  2 swamp worms (D:9)
  An acid dragon (D:9)
  2 wargs
  3 water moccasins
  A black bear (D:7)
  2 ice beasts
  32 orc warriors
  A sky beast (D:7)
  10 ogres
  5 wolves (IceCv)
  4 centaurs
  A kobold brigand (D:9)
  2 scorpions (D:6)
  A bullfrog (D:6)
  26 killer bees (D:10)
  5 howler monkeys
  2 electric eels (D:6)
  23 orc priests
  A gnoll bouda (D:5)
  4 hounds
  3 iguanas
  18 orc wizards
  13 gnolls
  5 adders
  2 shadow imps
  14 white imps
  A worm (D:2)
  3 dart slugs
  91 orcs
  7 ball pythons
  4 endoplasms
  4 giant cockroaches
  10 goblins
  6 hobgoblins
  4 jackals (D:5)
  2 quokkas (D:1)
  6 bats
  3 frilled lizards
  13 kobolds
  10 rats
387 creatures vanquished.

Vanquished Creatures (others)
  An orc priest (Orc:2)
  5 plants
6 creatures vanquished.

Grand Total: 393 creatures vanquished

Notes
Turn   | Place    | Note
-------+----------+-------------------------------------------
     0 | D:1      | DildoBatman the Formicid Conjurer began the quest for the
                  | Orb.
     0 | D:1      | Reached XP level 1. HP: 13/13 MP: 3/3
    27 | D:1      | Found Hyhearghunk's Distillery.
   148 | D:1      | Reached XP level 2. HP: 18/20 MP: 0/5
   151 | D:1      | Learned a level 2 spell: Searing Ray
   396 | D:1      | Found a faded altar of an unknown god.
   546 | D:1      | Reached skill level 1 in Fighting
   673 | D:1      | Reached skill level 1 in Armour
   673 | D:1      | Reached XP level 3. HP: 24/26 MP: 2/6
   875 | D:1      | Bought a potion of mutation for 96 gold pieces
   877 | D:1      | Gained mutation: Your mind is acute. (Int +4, Str/Dex -1)
                  | [potion of mutation]
   877 | D:1      | Gained mutation: You have sharp fingernails. [potion of
                  | mutation]
  1155 | D:2      | Reached XP level 4. HP: 32/32 MP: 1/8
  1895 | D:2      | Reached XP level 5. HP: 27/38 MP: 5/9
  1949 | D:3      | Found a hazy altar of Hepliaklqana.
  2091 | D:3      | Found an ornate altar of the Wu Jian Council.
  2512 | D:3      | Learned a level 5 spell: Borgnjor's Vile Clutch
  2543 | D:4      | Found a staircase to the Ecumenical Temple.
  2559 | Temple   | Entered the Ecumenical Temple
  2628 | Temple   | Became a worshipper of Kikubaaqudgha
  2658 | D:4      | Found a sparkling altar of Nemelex Xobeh.
  2679 | D:4      | Found Munael's Jewellery Boutique.
  2704 | D:4      | Reached XP level 6. HP: 46/46 MP: 7/11
  2792 | D:4      | Found a shimmering altar of Xom.
  2793 | D:4      | Found a shimmering altar of Xom.
  2794 | D:4      | Found a shimmering altar of Xom.
  2794 | D:4      | Found a shimmering altar of Xom.
  2795 | D:4      | Found a shimmering altar of Xom.
  2821 | D:4      | Learned a level 3 spell: Vampiric Draining
  2865 | D:4      | Found a radiant altar of Vehumet.
  3462 | D:1      | Bought a potion of heal wounds for 60 gold pieces
  3462 | D:1      | Bought a potion of might for 48 gold pieces
  3465 | D:1      | You fall into a shaft and drop 1 floor!
  3584 | D:5      | Entered Level 5 of the Dungeon
  3590 | D:5      | Found a shimmering blue altar of Sif Muna.
  3990 | D:5      | Reached skill level 5 in Spellcasting
  4002 | D:5      | Noticed an ogre
  4116 | D:5      | Killed an ogre
  4117 | D:5      | Reached XP level 7. HP: 52/52 MP: 4/15
  4206 | D:5      | Noticed a water moccasin
  4229 | D:5      | Killed a water moccasin
  4324 | D:5      | Reached * piety under Kikubaaqudgha
  4324 | D:5      | Received a gift from Kikubaaqudgha
  4325 | D:5      | Reached skill level 1 in Earth Magic
  4330 | D:5      | Learned a level 2 spell: Sublimation of Blood
  4403 | D:5      | Reached skill level 1 in Necromancy
  4647 | D:6      | Reached XP level 8. HP: 58/58 MP: 5/17
  4758 | D:6      | Reached skill level 2 in Earth Magic
  5031 | D:6      | Reached skill level 3 in Earth Magic
  5352 | D:7      | Noticed a shadow
  5361 | D:7      | Killed a shadow
  5362 | D:7      | Reached skill level 4 in Earth Magic
  5437 | D:7      | Identified the +3 trident of Ravage {drain, Contam rElec
                  | Dex+4}
  5484 | D:7      | Reached skill level 5 in Earth Magic
  5531 | D:7      | Reached XP level 9. HP: 36/63 MP: 0/19
  5661 | D:7      | Reached skill level 6 in Earth Magic
  5729 | D:7      | Reached skill level 1 in Polearms
  5862 | D:8      | Reached skill level 5 in Necromancy
  5888 | D:8      | Noticed a death yak
  5912 | D:8      | Noticed a death yak
  5914 | D:8      | Noticed a death yak
  6105 | D:7      | Killed a death yak
  6106 | D:7      | Reached skill level 7 in Earth Magic
  6137 | D:8      | Found a flagged portal.
  6142 | D:8      | Identified the +6 halberd of Imminent Death {drain, rN+}
  6148 | D:8      | Identified a scroll of acquirement
  6149 | D:8      | Acquired 777 gold pieces
  6176 | Bailey   | Entered a bailey
  6543 | Bailey   | Reached ** piety under Kikubaaqudgha
  6686 | D:8      | Killed a death yak
  6687 | D:8      | Reached skill level 8 in Earth Magic
  6687 | D:8      | Reached XP level 10. HP: 20/70 MP: 7/20
  6689 | D:8      | Killed a death yak
  6690 | D:8      | Reached skill level 9 in Earth Magic
  6799 | D:8      | Found a bloodstained altar of Trog.
  7087 | D:8      | Found a staircase to the Lair.
  7278 | D:6      | You are sucked into a shaft and drop 2 floors!
  7302 | D:9      | Noticed a two-headed ogre
  7311 | D:9      | Killed a two-headed ogre
  7621 | D:9      | Noticed a two-headed ogre
  7631 | D:9      | Killed a two-headed ogre
  7632 | D:9      | Reached skill level 10 in Earth Magic
  7632 | D:9      | Reached XP level 11. HP: 75/75 MP: 10/22
  7691 | D:9      | Found a broken altar of Ashenzari.
  8059 | D:10     | Entered Level 10 of the Dungeon
  8144 | D:10     | Found a staircase to the Orcish Mines.
  8219 | D:10     | Reached skill level 10 in Necromancy
  8252 | D:10     | Noticed a two-headed ogre
  8260 | D:10     | Killed a two-headed ogre
  8269 | D:10     | Reached *** piety under Kikubaaqudgha
  8269 | D:10     | Received a gift from Kikubaaqudgha
  8291 | D:10     | Learned a level 4 spell: Dispel Undead
  8295 | D:10     | Learned a level 3 spell: Ozocubu's Armour
  8522 | D:10     | Found a stormy altar of Qazlal.
  8661 | D:10     | Identified the +1 quarterstaff of the Tiger {drain, rElec
                  | rPois Str+4}
  8831 | D:10     | Reached skill level 11 in Earth Magic
  8832 | D:10     | Reached skill level 1 in Ice Magic
  8938 | D:10     | HP: 3/75 [poisoned by a killer bee]
  9271 | Orc:1    | Entered Level 1 of the Orcish Mines
  9305 | Orc:1    | Noticed an ettin
  9311 | Orc:1    | Killed an ettin
  9346 | Orc:1    | Reached **** piety under Kikubaaqudgha
  9505 | Orc:1    | Reached XP level 12. HP: 69/81 MP: 19/25
  9637 | Orc:1    | Noticed an ettin
  9644 | Orc:1    | Killed an ettin
  9653 | Orc:1    | Noticed a two-headed ogre
  9661 | Orc:1    | Killed a two-headed ogre
  9706 | Orc:1    | Found Hiusyv's Antique Weapon Boutique.
  9734 | Orc:1    | Found Mouhuink's Distillery.
  9974 | Orc:2    | Entered Level 2 of the Orcish Mines
  9989 | Orc:2    | Reached ***** piety under Kikubaaqudgha
 10023 | Orc:2    | Found a bloodstained altar of Trog.
 10161 | Orc:2    | Found a staircase to the Elven Halls.
 10480 | Orc:2    | Noticed a soul eater
 10510 | Orc:2    | Noticed an orc warlord
 10513 | Orc:2    | Noticed an orc high priest
 10521 | Orc:2    | Noticed a sun demon
 10522 | Orc:2    | Killed an orc high priest
 10539 | Orc:2    | Reached skill level 12 in Earth Magic
 10566 | Orc:2    | Killed an orc warlord
 10567 | Orc:2    | Reached skill level 5 in Fighting
 10567 | Orc:2    | Reached skill level 5 in Armour
 10678 | Orc:2    | Noticed an orc high priest
 10700 | Orc:2    | Reached skill level 10 in Spellcasting
 10723 | Orc:2    | Gained mutation: You have hidden genetic defects. [a
                  | neqoxec]
 10724 | Orc:2    | Killed an orc high priest
 10725 | Orc:2    | Reached XP level 13. HP: 68/92 MP: 20/27
 10793 | Orc:2    | Gained mutation: Armour fits poorly on your strangely
                  | shaped body. [hidden defects]
 10846 | Orc:2    | Found Husydidd's General Store.
 10866 | Orc:2    | Found Neyxt's Antique Armour Shoppe.
 10866 | Orc:2    | Found Anob's Antique Weapon Shoppe.
 10869 | Orc:2    | Found Resooll's Jewellery Emporium.
 10873 | Orc:2    | Bought a scroll of enchant armour for 90 gold pieces
 10873 | Orc:2    | Bought a potion of curing for 36 gold pieces
 11034 | D:11     | Found a frozen archway.
 11074 | D:11     | Reached ****** piety under Kikubaaqudgha
 11075 | D:11     | Received a gift from Kikubaaqudgha
 11229 | Temple   | Fell from the grace of Kikubaaqudgha
 11229 | Temple   | Became a worshipper of Gozag Ym Sagoz the Greedy
 11245 | D:4      | You fall into a shaft and drop 3 floors!
 11249 | D:7      | You fall into a shaft and drop 1 floor!
 11252 | D:8      | You fall into a shaft and drop 2 floors!
 11288 | IceCv    | Entered an ice cave
 11298 | IceCv    | Reached skill level 5 in Ice Magic
 11446 | IceCv    | Engulfed by an ice statue's freezing vapour

Illustrated notes

Levels and vault maps discovered:
D:1:      mrwooster_arrival_arrow, layout_loops_ring, serial_shops, shop_coins,
          chequers_ecumenical_altar_lobes
D:2:      layout_basic, roderic_malta_cross
D:3:      layout_basic, mainiacjoe_overflow_paths,
          nicolae_hepliaklqana_hazy_memory
D:4:      layout_basic, vehumet_crystals, nemelex_xobeh_ov_fountains_minmay,
          xom_redecorated, minmay_temple_entry_large_hall, serial_shops, shop,
          minmay_liquid_box, minmay_misc_feat_diagonals,
          nicolae_concentric_dashed_squares_wild
D:5:      nicolae_cairo_tiling, layout_rooms, nicolae_sif_muna_condensation,
          eino_curves_04, minmay_holes, grunt_decor_arrowhead
D:6:      layout_basic, water_maze_lemuel
D:7:      layout_rooms, minmay_misc_feat_doors
D:8:      layout_rooms, trog_book, dpeg_lair_monsters, enter_bailey_2
D:9:      layout_irregular_city, nicolae_overflow_crystal_walls, worms_lemuel
D:10:     layout_loops_ring, grunt_qazlal_sundering,
          minmay_orc_entry_temple_small, special_room [special_room_bee]
D:11:     layout_cave_pods, portal_ice_cave_entry_imps
Temple:   cyrus_circular_temple
Orc:1:    layout_diamond_mine, serial_shops, shop_fountains,
          nicolae_shop_crystal, minmay_orc_keep
Orc:2:    st_orc_congregation, layout_diamond_mine, basic_altar
IceCv:    ice_cave_small_giant

Skill      XL: |  1  2  3  4  5  6  7  8  9 10 11 12 13 |
---------------+----------------------------------------+-----
Dodging        | 2 4 |  4.9
Fighting       | 1 2 3 5 6 |  6.3
Armour         | 1 2 3 5 6 |  6.1
Conjurations   | 4 |  4.0
Spellcasting   | 3 5 6 7 9 10 | 10.4
Earth Magic    | 1 5 8 10 11 12 | 12.0
Necromancy     | 1 4 7 9 10 11 | 11.7
Polearms       | 3 |  3.0
Ice Magic      | 2 4 5 |  5.3
Stealth        | |  2.4

Action                   |  1- 3 |  4- 6 |  7- 9 | 10-12 | 13-15 || total
-------------------------+-------+-------+-------+-------+-------++-------
Melee: Mace              |    14 |     2 |       |       |       ||    16
       Whip              |       |    31 |    29 |       |       ||    60
       Punch             |       |     1 |     3 |       |     1 ||     5
       Trident           |       |       |    34 |       |       ||    34
       Halberd           |       |       |    41 |   218 |    76 ||   335
 Fire: Sling             |       |    38 |    10 |       |       ||    48
       Longbow           |       |       |     2 |    43 |    17 ||    62
       Shortbow          |       |       |     1 |       |       ||     1
Throw: Boomerang         |       |       |     5 |       |       ||     5
       Dart              |       |       |     2 |       |       ||     2
 Cast: Magic Dart        |    53 |    62 |    27 |     4 |       ||   146
       Searing Ray       |     1 |    14 |    19 |     6 |       ||    40
       Vampiric Draining |       |       |    14 |     1 |       ||    15
       Sublimation of Bl |       |       |     3 |    21 |    10 ||    34
       Borgnjor's Vile C |       |       |    14 |    88 |    23 ||   125
       Ozocubu's Armour  |       |       |       |     1 |       ||     1
       Dispel Undead     |       |       |       |     1 |       ||     1
Invok: Receive Forbidden |       |       |       |       |     1 ||     1
 Abil: Shaft Self        |       |     1 |       |     1 |     3 ||     5
       Dig               |       |       |       |     2 |       ||     2
Evoke: Wand              |       |       |       |     1 |       ||     1
  Use: Potion            |     2 |       |       |     5 |       ||     7
       Scroll            |       |       |    13 |     2 |     1 ||    16
 Stab: Sleeping          |     2 |     2 |     9 |       |       ||    13
Armor: Robe              |     4 |     7 |    13 |       |       ||    24
       Steam dragon scal |       |       |    12 |    25 |       ||    37
       Skin              |       |       |       |    62 |       ||    62
       Troll leather arm |       |       |       |    12 |    10 ||    22
Dodge: Dodged            |    15 |    34 |   118 |   116 |    46 ||   329
Block: Other             |       |    11 |    27 |    50 |    20 ||   108
       Reflection        |       |       |       |     6 |       ||     6
